 Dungeon Crawl Stone Soup version 0.31-a0-441-g867994ef1c (webtiles) character file.

Game seed: 2751566161880645925

431 jasper the Shooter (level 7, 0/45 HPs)
             Began as an Octopode Hunter on Aug 2, 2023.
             Slain by an orc wizard
             ... wielding a +0 dagger
              (1 damage)
             ... on level 4 of the Dungeon.
             The game lasted 00:04:52 (2836 turns).

jasper the Shooter (Octopode Hunter)                Turns: 2836, Time: 00:04:53

Health: 0/45       AC:  3    Str: 10      XL:     7   Next: 0%
Magic:  7/7        EV: 13    Int:  9 (11) God:
Gold:   193        SH:  0    Dex: 16 (18) Spells: 6/6 levels left

rFire   + + .        a - +0 shortbow
rCold   + . .        (shield currently unavailable)
rNeg    . . .        (helmet currently unavailable)
rPois   +            (no amulet)
rElec   +            g - ring of resist corrosion
rCorr   +            n - ring of protection from fire
SInv    .            (no ring)
Will    .....        (no ring)
Stlth   ++           (no ring)
HPRegen 0.27/turn    (no ring)
MPRegen 0.10/turn    (no ring)
                     (no ring)

%: no passive effects
@: confused, mighty, beast-form, resistant
A: beast (slay +2), almost no armour, amphibious, 8 rings, camouflage 1,
gelatinous body 1, (nimble swimmer 1), tentacles, tentacle spike 1, iridescent
scales 1, deterioration 1
a: Begin Untransformation


You were on level 4 of the Dungeon.
You were a hulking beast.
You visited 1 branch of the dungeon, and saw 4 of its levels.

You collected 265 gold pieces.
You spent 72 gold pieces at shops.

Inventory:

Hand Weapons
 a - a +0 shortbow (weapon)
Missiles
 f - 2 throwing nets
Jewellery
 g - a ring of resist corrosion (left tentacle)
 n - a ring of protection from fire (right tentacle)
Talismans
 h - a serpent talisman
 l - a beast talisman (active)
Wands
 e - a wand of flame (21)
Scrolls
 b - a scroll of butterflies
 c - 9 scrolls of identify {unknown}
 d - a scroll of poison {unknown}
 i - a scroll of enchant weapon {unknown}
 j - a scroll of teleportation {unknown}
 k - 3 scrolls of immolation {unknown}
 o - a scroll of fog {unknown}
 r - a scroll of vulnerability {unknown}
 s - a scroll of torment {unknown}
 t - a scroll of blinking {unknown}
 v - a scroll of amnesia {unknown}
Potions
 q - a potion of enlightenment


   Skills:
 + Level 2.3 Fighting
 * Level 5.8 Ranged Weapons
 + Level 2.3 Dodging
 - Level 5.0 Stealth
 + Level 3.0 Shapeshifting


You had 6 spell levels left.
You didn't know any spells.
Your spell library contained the following spells:

 Spells                   Type           Power      Damage    Failure   Level
 Shock                    Conj/Air       0%         1d3       38%         1
 Cigotuvi's Dreadful Rot  Necr/Pois/Air  0%         N/A       52%         2
 Frozen Ramparts          Ice            0%         1d1       77%         3
 Ignite Poison            Fire/Tmut/Pois 0%         N/A       77%         3
 Swiftness                Air            0%         N/A       77%         3
 Airstrike                Air            0%         2d(0-16)  99%         4
 Petrify                  Tmut/Erth      0%         N/A       99%         4
 Freezing Cloud           Conj/Ice/Air   0%         6-21      100%        5
 Metabolic Englaciation   Hex/Ice        0%         N/A       100%        5


Dungeon Overview and Level Annotations

Branches:
Dungeon (4/15)
 Temple: D:4-7

Altars:
Makhleb
Zin

Shops:
D:2 *


Innate Abilities, Weirdness & Mutations

You are a hulking beast.
Your limbs bulge with bestial killing power. (Slay +2)
You cannot wear most types of armour.
You are amphibious.
You can wear up to eight rings at the same time.
Your skin changes colour to match your surroundings (Stealth+).
Your rubbery body absorbs attacks. (AC +1, EV +1)
((You are camouflaged when in or above water. (Stealth+)))
You have tentacles for arms and can constrict up to eight enemies at once.
One of your tentacles bears a spike.
You are partially covered in iridescent scales. (AC +2)
Your body sometimes deteriorates upon taking damage.


Message History

Press: ? - help, Q - select action, (/) - cycle Shift-Dir - straight line You shoot an arrow.
Something hits you.
You take 2 damage, and have 20/45 hp.
You shoot an arrow. Something hits you.
You take 3 damage, and have 17/45 hp.
You shoot an arrow. Something hits you.
You take 1 damage, and have 16/45 hp.
You shoot an arrow. Something hits you.
You take 1 damage, and have 15/45 hp.
You shoot an arrow.
You hear some strange, mumbled words.
You are confused.
Something hits you.
* * * LOW HITPOINT WARNING * * *
You hear some strange, mumbled words.
A puff of flame appears from out of thin air!
The puff of flame hits you. You resist.
* * * LOW HITPOINT WARNING * * *
You take 8 damage, and have 7/45 hp.
It was a potion of mutation.
You feel extremely strange.
Iridescent scales grow over part of your body.
You feel yourself wasting away.
One of your lower tentacles grows a sharp spike.
Unknown command.
It was a potion of resistance.
You feel protected. Something hits you.
* * * LOW HITPOINT WARNING * * *
You take 3 damage, and have 4/45 hp.
It was a potion of might.
You feel very mighty all of a sudden. Something hits you.
* * * LOW HITPOINT WARNING * * *
You take 1 damage, and have 3/45 hp.
You barely miss something.
Your tentacle-slap misses something.
Something hits you.
* * * LOW HITPOINT WARNING * * *
Something hits you.
You die...

##'## #...# #...#
#...# #...#
.###########...#
..........)....+
........###....#.##
..........h........
........###{####.##
........# #)# .#
........# #.# #
........# #.#
+######.# #.#
#.###)# #...#)# #
########.#.#


There were no monsters in sight!

Vanquished Creatures
  Sigmund (D:3)
  An orc priest (D:4)
  Natasha (twice) (D:2)
  2 orc wizards
  Robin (D:3)
  3 adders
  2 dart slugs (D:3)
  7 orcs
  3 bats
  5 endoplasms
  3 giant cockroaches
  16 goblins
  14 hobgoblins
  2 kobolds (D:2)
  3 quokkas
  5 ball pythons
  10 frilled lizards
  5 rats
85 creatures vanquished.

Vanquished Creatures (others)
  An orc wizard (D:4)
1 creature vanquished.

Grand Total: 86 creatures vanquished

Notes
Turn   | Place    | Note
-------+----------+-------------------------------------------
     0 | D:1      | jasper the Octopode Hunter began the quest for the Orb.
     0 | D:1      | Reached XP level 1. HP: 14/14 MP: 1/1
   374 | D:1      | Reached XP level 2. HP: 19/19 MP: 2/2
   651 | D:1      | Reached XP level 3. HP: 24/24 MP: 3/3
   985 | D:2      | Found Zobad's Assorted Antiques.
   990 | D:2      | Bought a pink potion for 22 gold pieces
   990 | D:2      | Bought a scroll labelled DAOSEWNI TABRO for 25 gold pieces
   990 | D:2      | Bought a scroll labelled DOASHR SEONIDEY for 25 gold pieces
  1211 | D:2      | Reached skill level 5 in Stealth
  1324 | D:2      | Noticed Natasha
  1329 | D:2      | Killed Natasha
  1330 | D:2      | Reached XP level 4. HP: 10/29 MP: 4/4
  1517 | D:2      | Reached skill level 1 in Shapeshifting
  1531 | D:2      | Noticed Natasha
  1536 | D:2      | Killed Natasha
  1758 | D:3      | Noticed Robin
  1813 | D:3      | Reached XP level 5. HP: 34/34 MP: 5/5
  1831 | D:3      | Killed Robin
  2046 | D:3      | Noticed Sigmund
  2058 | D:3      | Killed Sigmund
  2059 | D:3      | Reached skill level 5 in Ranged Weapons
  2059 | D:3      | Reached XP level 6. HP: 12/39 MP: 6/6
  2204 | D:3      | Found a glowing silver altar of Zin.
  2730 | D:4      | Found a burning altar of Makhleb.
  2816 | D:4      | Reached XP level 7. HP: 29/45 MP: 7/7
  2833 | D:4      | Gained mutation: You are partially covered in iridescent
                  | scales. (AC +2) [potion of mutation]
  2833 | D:4      | Gained mutation: Your body sometimes deteriorates upon
                  | taking damage. [potion of mutation]
  2833 | D:4      | Gained mutation: One of your tentacles bears a spike.
                  | [potion of mutation]
  2836 | D:4      | HP: 1/45 [something (3)]
  2836 | D:4      | Slain by an orc wizard

Illustrated notes

Levels and vault maps discovered:
D:1:      shiori_arrival_elements, layout_loops_corners, minmay_lizard_king
D:2:      layout_loops_ring, serial_shops, nicolae_shop_tiny_waterfront,
          minmay_misc_feat_roman, minmay_goblin_outpost, uniq_natasha
D:3:      layout_loops_ring, zin_treasury, uniq_sigmund, uniq_robin
D:4:      layout_basic, nicolae_overflow_crystal_walls,
          mainiacjoe_overflow_cross_hatched, guppyfry_early_lair_pool

Skill      XL: |  1  2  3  4  5  6 |
---------------+-------------------+-----
Stealth        | 3 4 5 |  5.0
Shapeshifting  | 1 2 3 |  3.0
Ranged Weapons | 5 |  5.8
Fighting       | |  2.3
Dodging        | |  2.3

Action                     |  1- 3 |  4- 6 |  7- 9 || total
---------------------------+-------+-------+-------++-------
  Melee: Unarmed           |       |    10 |       ||    10
         Shortbow          |       |       |     1 ||     1
   Fire: Shortbow          |    96 |   134 |    11 ||   241
  Evoke: Wand              |       |     4 |       ||     4
    Use: Potion            |       |     5 |     3 ||     8
 Armour: Skin              |       |    16 |       ||    16
  Dodge: Dodged            |    23 |    36 |     2 ||    61
   Form: Beast             |     1 |       |       ||     1

Table legend: (Time is in decaauts)
 A = Elapsed time spent in this place.
 B = Non-inter-level travel time spent in this place.
 C = Inter-level travel time spent in this place.
 D = Time resting spent in this place.
 E = Time spent auto-exploring this place.
 F = Levels seen in this place.
 G = Mean time per level.
                   A        B        C        D        E       F      G
               +--------+--------+--------+--------+--------+-----+--------+
         Total |   2886 |   2854 |     32 |    186 |   2173 |   4 |  721.5 |
       Dungeon |   2886 |   2854 |     32 |    186 |   2173 |   4 |  721.5 |
               +--------+--------+--------+--------+--------+-----+--------+

Top non-repeatable levels by time:
     D:2: 910 daAuts
     D:3: 871 daAuts
     D:1: 791 daAuts
     D:4: 313 daAuts
